 Dungeon Crawl Stone Soup version 0.23-a0-183-gf37f6fb (webtiles) character file.

36652 namelastname112 the Covert (level 13, -7/171 HPs)
             Began as a Yellow Draconian Assassin on Sept 21, 2018.
             Was an Initiate of Gozag.
             Mangled by a swamp worm (10 damage)
             ... on level 5 of the Lair of Beasts.
             The game lasted 00:42:07 (23216 turns).

namelastname112 the Covert (DrAs)                  Turns: 23216, Time: 00:42:07

Health: -7/171     AC: 12    Str: 21    XL:     13   Next: 54%
Magic:  13/13      EV: 18    Int: 13    God:    Gozag
Gold:   793        SH: 18    Dex: 21    Spells: 12/12 levels left

rFire    + . .     SeeInvis +   a - +5 short sword "Zexupum" {pierce, rF+ rC+ SInv}
rCold    + + .     Gourm    .   h - +6 shield of the Beekeeper {rC+ Str+3 Dex+2}
rNeg     . . .     Faith    .   (armour unavailable)
rPois    .         Spirit   .   (helmet restricted)
rElec    .         Reflect  .   F - +2 cloak
rCorr    +         Harm     .   J - +0 pair of gloves
MR       .....                  (no boots)
Stlth    ..........             G - amulet of the acrobat
HPRegen  0.38/turn              (no ring)
MPRegen  0.13/turn              y - ring of stealth

@: berserking, short of breath, very quick
A: spit acid, acid resistance, unfitting armour, agile 1, cold-blooded,
MP-powered wands, AC +8
a: Breathe Acid, Potion Petition, Call Merchant, Bribe Branch, Renounce Religion


You were on level 5 of the Lair of Beasts.
You worshipped Gozag.
Gozag was pleased with you.
You were not hungry.

You visited 3 branches of the dungeon, and saw 17 of its levels.
You also visited: Labyrinth and Ice Cave.

You collected 3983 gold pieces.
You spent 862 gold pieces at shops.
You paid 2328 gold pieces to Gozag.

Inventory:

Hand Weapons
 a - the +5 short sword "Zexupum" (weapon) {pierce, rF+ rC+ SInv}
   (You bought it in a shop on level 1 of the Lair of Beasts)

   It inflicts extra damage upon your enemies.
   It protects you from fire.
   It protects you from cold.
   It lets you see invisible.
 b - a +1 blowgun
Missiles
 d - 13 poisoned needles
 e - a curare-tipped needle
 v - 8 needles of sleeping
 w - 6 needles of confusion
 O - a throwing net (quivered)
Armour
 h - the +6 shield of the Beekeeper (worn) {rC+ Str+3 Dex+2}
   (You found it on level 1 of the Lair of Beasts)

   It affects your strength (+3).
   It affects your dexterity (+2).
   It protects you from cold.
 F - a +2 cloak (worn)
 J - a +0 pair of gloves (worn)
Jewellery
 x - an uncursed ring of fire
 y - a ring of stealth (right hand)
 G - an amulet of the acrobat (around neck)
 K - the ring "Xesiraf" {+Fly rElec Int-4 Dex-2 Stlth+}
   (You found it in a labyrinth)

   [ring of flight]

   It affects your intelligence (-4).
   It affects your dexterity (-2).
   It insulates you from electricity.
   It lets you fly.
   It makes you more stealthy.
Wands
 k - a wand of flame (55)
 o - a wand of acid (11)
 z - a wand of disintegration (34)
 B - a wand of random effects (13)
 H - a wand of polymorph (11)
Scrolls
 g - 5 scrolls of fog
 m - 3 scrolls of immolation
 r - 2 scrolls of enchant armour
 t - 3 scrolls of identify
 u - 2 scrolls of holy word
 D - 6 scrolls of remove curse
 I - a scroll of enchant weapon
 M - a scroll of magic mapping
Potions
 c - 4 potions of flight
 i - 3 potions of brilliance
 j - 2 potions of lignification {unknown}
 l - 4 potions of agility
 n - a potion of curing
 p - 2 potions of resistance
 q - 2 potions of haste
 s - a potion of ambrosia
 C - 2 potions of might
Comestibles
 f - 10 rations


   Skills:
 + Level 10.6 Fighting
 + Level 10.8 Short Blades
 + Level 8.9 Throwing
 + Level 8.7 Dodging
 + Level 11.6 Stealth
 - Level 8.0 Shields


You had 12 spell levels left.
You didn't know any spells.
Your spell library contained the following spells:

 Spells                   Type           Power        Failure   Level  Hunger
 Sandblast                Erth           #.....       58%         1    ##.....
 Passwall                 Tmut/Erth      #.......     75%         2    ###....
 Stone Arrow              Conj/Erth      #.....       92%         3    ####...
 Petrify                  Tmut/Erth      #.......     100%        4    #####..
 Lee's Rapid Deconstruct  Erth           #.........   100%        5    ######.
 Malign Gateway           Summ/Tloc      #.........   100%        7    #######
 Monstrous Menagerie      Summ           #.........   100%        7    #######
 Summon Greater Demon     Summ           #.........   100%        7    #######
 Summon Horrible Things   Summ           #.........   100%        8    #######


Dungeon Overview and Level Annotations

Branches:
Dungeon (11/15)            Temple (1/1) D:4            Lair (5/6) D:10
 Shoals (0/4) Lair:2        Snake (0/4) Lair:3          Orc (0/2) D:9
  Slime: Lair:5-6

Altars:
Ashenzari
Cheibriados
Dithmenos
Elyvilon
Fedhas
Gozag
Hepliaklqana
Kikubaaqudgha
Okawaru
Ru
Sif Muna
Wu Jian
Zin
The Shining One

Shops:
D:8 (   Lair:1 (

Annotations:
D:11 Josephine, Snorg


Innate Abilities, Weirdness & Mutations

You can spit globs of acid.
You are resistant to acid.
Your golden yellow scales are hard. (AC +8)
You cannot fit into any form of body armour.
You are cold-blooded and may be slowed by cold attacks.
You are agile. (Dex +2)
You expend magic power (3 MP) to strengthen your wands.


Message History

The tyrant leech is moderately wounded.
You block the tyrant leech's attack. The swamp worm bites you.
* * * LOW HITPOINT WARNING * * *
You take 6 damage, and have 31/114 hp.
You hit the tyrant leech.
The tyrant leech is moderately wounded.
You feel better. The swamp worm bites you!!
* * * LOW HITPOINT WARNING * * *
The tyrant leech bites you!
* * * LOW HITPOINT WARNING * * *
The tyrant leech draws strength from your injuries!
The swamp worm misses you.
You take 30 damage, and have 2/114 hp.
MASSIVE DAMAGE!!
Okay, then.
Okay, then.
A red film seems to cover your vision as you go berserk!
You feel yourself moving faster!
You feel mighty! The tyrant leech misses you. The swamp worm bites you!
You die...
Your body crumbles into a pile of gold.

#.#.## #..........# ##..##
###.....[...## ###.P# ###
###.............#
....P###≈###..............P#
.....P#.≈##≈≈≈≈≈≈≈.....#####
.........≈≈≈≈≈≈≈≈≈≈≈..##
..w..#.≈≈≈≈#######≈≈≈.P#
.#...#.≈≈≈≈#≈≈≈≈≈##≈≈.##
........≈≈≈≈≈≈≈w@(#≈≈.#
....P...≈≈≈#≈≈≈w≈## ≈..
..P....P≈≈≈#######
.#.......≈≈≈≈ .....#....≈≈≈
.........#.≈≈.
#..P....######. #......## ..
......? ..


You could see a tyrant leech and a swamp worm.

Vanquished Creatures
  Rupert (Lair:4)
  A frost giant (IceCv)
  A minotaur (Lab)
  Harold (Lair:2)
  A hydra (Lair:5)
  3 death yaks (Lair:5)
  A queen ant (Lair:2)
  Urug (Lair:2)
  A merfolk siren (Lair:2)
  2 black mambas
  2 ice statues (IceCv)
  11 spiny frogs
  3 komodo dragons
  13 polar bears
  A troll (D:11)
  4 blink frogs (Lair:5)
  8 tyrant leeches (Lair:5)
  5 hippogriffs
  33 yaks
  Grum (D:10)
  A hungry ghost (D:10)
  4 swamp worms (Lair:5)
  3 nagas (Lair:3)
  10 soldier ants (Lair:2)
  5 water moccasins
  7 porcupines
  3 orc warriors
  A black bear (D:10)
  A necrophage (D:6)
  31 wolves
  5 ogres
  A phantom (D:6)
  3 centaurs
  18 crocodiles
  A big kobold (D:10)
  6 bullfrogs
  Blork the orc (D:4)
  A wyvern zombie (D:6)
  3 scorpions
  7 killer bees (D:10)
  5 wights (D:8)
  A howler monkey (D:5)
  2 bullfrog zombies
  A centaur zombie (D:10)
  6 crimson imps
  2 quasits (D:9)
  8 orc wizards
  6 hounds
  7 orc priests
  3 jellies
  A bullfrog skeleton (D:6)
  2 iguanas
  17 worker ants
  A hound skeleton (D:10)
  Robin (D:2)
  3 gnolls (D:7)
  12 adders
  12 white imps
  An ooze (D:1)
  3 adder zombies
  3 worms
  2 dart slugs
  3 leopard geckos
  40 orcs
  7 bats
  8 giant cockroaches
  6 hobgoblins
  2 jackals (D:6)
  8 kobolds
  4 quokkas
  A ball python (D:3)
  10 frilled lizards
  12 goblins
  9 rats
415 creatures vanquished.

Vanquished Creatures (others)
  A worker ant (Lair:2)
  13 fungi
  11 plants
25 creatures vanquished.

Grand Total: 440 creatures vanquished

Notes
Turn   | Place    | Note
-------+----------+-------------------------------------------
     0 | D:1      | namelastname112 the Draconian Assassin began the quest for
                  | the Orb.
     0 | D:1      | Reached XP level 1. HP: 17/17 MP: 1/1
   104 | D:1      | Reached skill level 1 in Dodging
   166 | D:1      | Reached XP level 2. HP: 19/24 MP: 2/2
   395 | D:1      | Found a glowing golden altar of the Shining One.
   643 | D:2      | Reached XP level 3. HP: 30/30 MP: 3/3
   847 | D:2      | Reached skill level 4 in Stealth
   847 | D:2      | Reached XP level 4. HP: 13/37 MP: 4/4
  1364 | D:2      | Noticed Robin
  1406 | D:2      | Killed Robin
  1871 | D:2      | Reached XP level 5. HP: 45/45 MP: 5/5
  3070 | D:4      | Reached XP level 6. HP: 33/51 MP: 6/6
  3253 | D:4      | Found a shattered altar of Ashenzari.
  3361 | D:4      | Found a staircase to the Ecumenical Temple.
  3431 | Temple   | Entered the Ecumenical Temple
  3447 | Temple   | Became a worshipper of Gozag Ym Sagoz the Greedy
  3496 | D:4      | Noticed Blork the orc
  3516 | D:4      | Killed Blork the orc
  4096 | D:5      | Entered Level 5 of the Dungeon
  4533 | D:5      | Your scales start taking on a golden yellow colour.
  4533 | D:5      | Reached XP level 7. HP: 48/58 MP: 7/7
  4615 | D:5      | Reached skill level 5 in Short Blades
  4762 | D:5      | Found a glowing silver altar of Zin.
  4806 | D:5      | Found a sacrificial altar of Ru.
  4888 | D:5      | Reached skill level 5 in Stealth
  5373 | D:6      | Reached XP level 8. HP: 26/67 MP: 8/8
  5942 | D:6      | Reached skill level 5 in Fighting
  6226 | D:7      | Found a snail-covered altar of Cheibriados.
  6355 | D:7      | Reached skill level 6 in Stealth
  6571 | D:7      | You fall through a shaft!
  6765 | D:8      | Reached XP level 9. HP: 61/74 MP: 9/9
  6791 | D:8      | Found an iron altar of Okawaru.
  6791 | D:8      | Found a deep blue altar of Sif Muna.
  7925 | D:8      | Found Egeriaba's Weapon Emporium.
  8258 | D:8      | Gained mutation: You are agile. (Dex +2) [potion of
                  | mutation]
  8258 | D:8      | Gained mutation: You expend magic power (3 MP) to
                  | strengthen your wands. [potion of mutation]
  8351 | D:8      | Reached skill level 5 in Throwing
  8351 | D:8      | Reached skill level 7 in Stealth
  8856 | D:9      | Reached skill level 5 in Dodging
  9217 | D:9      | Found a white marble altar of Elyvilon.
  9310 | D:9      | Found a staircase to the Orcish Mines.
  9679 | D:10     | Entered Level 10 of the Dungeon
  9823 | D:10     | Reached skill level 8 in Stealth
  9823 | D:10     | Reached XP level 10. HP: 20/84 MP: 10/10
 10212 | D:10     | Noticed Grum
 10251 | D:10     | Killed Grum
 11041 | D:10     | HP: 1/86 [killer bee (4)]
 11495 | D:10     | Found a staircase to the Lair.
 11729 | D:11     | Noticed a cyclops
 11731 | D:11     | Noticed Snorg
 11789 | D:11     | Reached skill level 9 in Stealth
 12206 | D:11     | Noticed Josephine
 12314 | Lair:1   | Entered Level 1 of the Lair of Beasts
 12314 | Lair:1   | Noticed a spiny frog
 12314 | Lair:1   | Noticed a spiny frog
 12319 | Lair:1   | Killed a spiny frog
 12332 | Lair:1   | Killed a spiny frog
 12782 | Lair:1   | Bought a twisted short sword for 312 gold pieces
 12782 | Lair:1   | Identified the +5 short sword "Zexupum" {pierce, rF+ rC+
                  | SInv} (You bought it in a shop on level 1 of the Lair of
                  | Beasts)
 12895 | Lair:1   | Noticed a spiny frog
 12913 | Lair:1   | Killed a spiny frog
 12913 | Lair:1   | Reached XP level 11. HP: 67/94 MP: 11/11
 13841 | Lair:1   | Reached skill level 10 in Stealth
 14035 | Lair:1   | Got an encrusted shield
 14041 | Lair:1   | Identified the +6 shield of the Beekeeper {rC+ Str+3 Dex+2}
                  | (You found it on level 1 of the Lair of Beasts)
 14517 | Lair:2   | Reached skill level 1 in Shields
 14567 | Lair:2   | Found a frozen archway.
 14585 | IceCv    | Entered an ice cave
 15746 | IceCv    | Reached XP level 12. HP: 22/104 MP: 12/12
 16077 | IceCv    | Noticed a frost giant
 16115 | IceCv    | Killed a frost giant
 16392 | Lair:2   | Reached skill level 5 in Shields
 16647 | Lair:2   | Noticed a queen ant
 16674 | Lair:2   | Noticed Harold
 16692 | Lair:2   | Killed a queen ant
 16713 | Lair:2   | Killed Harold
 16753 | Lair:2   | Noticed Urug
 17048 | Lair:1   | Bought a ration for 50 gold pieces
 17048 | Lair:1   | Bought a ration for 50 gold pieces
 17048 | Lair:1   | Bought a ration for 50 gold pieces
 17048 | Lair:1   | Bought a ration for 50 gold pieces
 17048 | Lair:1   | Bought a ration for 50 gold pieces
 17048 | Lair:1   | Bought a ration for 50 gold pieces
 17048 | Lair:1   | Bought a ration for 50 gold pieces
 17048 | Lair:1   | Bought a ration for 50 gold pieces
 17048 | Lair:1   | Bought a ration for 50 gold pieces
 17048 | Lair:1   | Bought a ration for 50 gold pieces
 17048 | Lair:1   | Bought a ration for 50 gold pieces
 17112 | Lair:2   | Killed Urug
 17231 | Lair:2   | Reached skill level 10 in Short Blades
 17544 | Lair:2   | Found a staircase to the Shoals.
 17782 | Lair:3   | Found a labyrinth entrance.
 17786 | Lab      | Entered a labyrinth
 18621 | Lab      | Noticed a minotaur
 18651 | Lab      | Killed a minotaur
 18661 | Lab      | Got an ancient brass ring
 18662 | Lab      | Identified the ring "Xesiraf" {+Fly rElec Int-4 Dex-2
                  | Stlth+} (You found it in a labyrinth)
 18929 | Lair:3   | Reached skill level 11 in Stealth
 19225 | Lair:3   | Found a staircase to the Snake Pit.
 20160 | Lair:4   | Reached skill level 10 in Fighting
 20212 | Lair:4   | Noticed Rupert
 20468 | Lair:4   | Found a snail-covered altar of Cheibriados.
 20631 | Lair:4   | Reached XP level 13. HP: 112/113 MP: 13/13
 21254 | Lair:4   | Killed Rupert
 23215 | Lair:5   | HP: 2/114 [tyrant leech (14)]
 23216 | Lair:5   | Mangled by a swamp worm

Vault maps used:
D:1:      sevenhm_arrival_forest_fort_small_6
D:2:      minmay_kobold_bridge, first_ration, uniq_robin
D:3:      kennysheep_generic_room_8
D:4:      temple_doors_e, nicolae_ashenzari_panopticon, uniq_blork_the_orc
D:5:      nicolae_ru_sacrificial_ziggurat, zin_scriptorium
D:7:      cheibriados_altar_1
D:8:      gammafunk_temple_overflow_elements, serial_shops, shop
D:9:      lemuel_crystal_altar, erik_orc_3
D:10:     kennysheep_spiral_hall, grunt_lair_entry_orc_guard_hut, uniq_grum
D:11:     uniq_josephine, uniq_snorg
Temple:   nicolae_temple_elliptical
Lair:1:   st_stairs_5, serial_bayou_pond_c, nicolae_lair_grove_arrangements
Lair:2:   minmay_shoals_entry_lonely_mermaid, portal_ice_cave_entry_imps,
          minmay_another_anthill, grunt_megastairs_4, uniq_urug, uniq_harold
Lair:3:   guppyfry_snake_entry_island, lab_entry_generic, beast_lair_carwin_8
Lair:4:   basic_altar, uniq_rupert
Lair:5:   slime_altar_1, worms_lemuel, grunt_megastairs_2
Lab:      labyrinth_hidden_loot
IceCv:    ice_cave_small_giant

Skill      XL: |  1  2  3  4  5  6  7  8  9 10 11 12 13 |
---------------+----------------------------------------+-----
Dodging        | 1 2 3 4 5 6 7 8 |  8.7
Throwing       | 2 3 4 5 6 7 8 |  8.9
Short Blades   | 3 4 5 7 8 9 10 | 10.8
Stealth        | 4 5 6 8 9 10 11 | 11.6
Fighting       | 3 4 5 6 7 9 10 | 10.6
Shields        | 4 7 8 |  8.0

Action                   |  1- 3 |  4- 6 |  7- 9 | 10-12 | 13-15 || total
-------------------------+-------+-------+-------+-------+-------++-------
Melee: Dagger            |    90 |   260 |   645 |   286 |       ||  1281
       Tailslap          |     9 |    28 |    94 |   213 |    89 ||   433
       Short sword       |       |       |       |   900 |   395 ||  1295
 Fire: Blowgun           |       |     6 |    25 |    42 |       ||    73
Throw: Throwing net      |       |       |       |       |     1 ||     1
Invok: Call Merchant     |       |       |       |     2 |       ||     2
       Potion Petition   |       |       |       |     2 |     1 ||     3
 Abil: Breathe Acid      |       |       |    17 |    27 |    11 ||    55
Evoke: Wand              |       |       |     1 |     8 |       ||     9
  Use: Potion            |     1 |     1 |     1 |     9 |     2 ||    14
       Scroll            |       |       |    23 |     9 |     1 ||    33
 Stab: Sleeping          |     7 |    11 |    10 |    24 |     6 ||    58
       Distracted        |       |     1 |     3 |    13 |     6 ||    23
       Confused          |       |       |       |     4 |       ||     4
       Invisible         |       |       |       |     1 |       ||     1
       Held in net/web   |       |       |       |       |     4 ||     4
  Eat: Chunk             |       |     8 |       |       |       ||     8
       Ration            |       |     1 |     6 |    13 |     3 ||    23
Armor: Skin              |    25 |    72 |   169 |   189 |    25 ||   480
Dodge: Dodged            |    53 |   148 |   341 |   553 |    91 ||  1186
Block: Other             |     3 |    34 |    15 |       |       ||    52
       Reflection        |     1 |       |       |       |       ||     1
       Shield            |       |       |       |   579 |   192 ||   771

Table legend:
 A = Non-vault XP
 B = Vault XP
 C = Vault XP percentage of total XP
 D = Non-vault monster count
 E = Vault monster count
 F = Vault count percentage of total count
                 A         B        C        D         E       F
            +---------+---------+-------+---------+---------+-------
      Total |   27215 |   25145 |  48.0 |     275 |     140 |  33.7
            +---------+---------+-------+---------+---------+-------
        D:1 |      36 |       0 |   0.0 |      21 |       0 |   0.0
        D:2 |     138 |      31 |  18.3 |      27 |      10 |  27.0
        D:3 |     152 |       0 |   0.0 |      24 |       0 |   0.0
        D:4 |     152 |      91 |  37.4 |      11 |       1 |   8.3
        D:5 |     512 |       0 |   0.0 |      16 |       0 |   0.0
        D:6 |    1008 |       0 |   0.0 |      25 |       0 |   0.0
        D:7 |     575 |       0 |   0.0 |      12 |       0 |   0.0
        D:8 |    1223 |       0 |   0.0 |      22 |       0 |   0.0
        D:9 |     950 |     201 |  17.5 |       7 |      17 |  70.8
       D:10 |    2134 |    1221 |  36.4 |      21 |      11 |  34.4
       D:11 |     857 |       0 |   0.0 |      10 |       0 |   0.0
     Lair:1 |    4752 |     212 |   4.3 |      23 |       2 |   8.0
     Lair:2 |    2588 |    5696 |  68.8 |      10 |      38 |  79.2
     Lair:3 |    1615 |    1486 |  47.9 |       9 |      13 |  59.1
     Lair:4 |    3838 |    3043 |  44.2 |      17 |       1 |   5.6
     Lair:5 |    6685 |    2996 |  30.9 |      20 |      13 |  39.4
        Lab |       0 |    1246 | 100.0 |       0 |       1 | 100.0
      IceCv |       0 |    8922 | 100.0 |       0 |      33 | 100.0
            +---------+---------+-------+---------+---------+-------
